 Dungeon Crawl Stone Soup version 0.29-a0-23-ga79f92ac9c (webtiles) character file.

Game seed: 7183156258130078016

39 gimp the Caller (level 3, -1/22 HPs)
             Began as a Tengu Wanderer on Jan 30, 2022.
             Slain by a gnoll (13 damage)
             ... on level 3 of the Dungeon.
             The game lasted 00:03:53 (2189 turns).

gimp the Caller (Tengu Wanderer)                    Turns: 2189, Time: 00:03:54

Health: -1/22      AC:  3    Str: 12    XL:     3   Next: 45%
Magic:  4/5        EV: 11    Int: 17    God:
Gold:   79         SH:  0    Dex: 10    Spells: 3/4 levels left

rFire   . . .      SeeInvis .   a - +0 trident
rCold   . . .      Faith    .   (no shield)
rNeg    . . .      Spirit   .   d - +0 robe
rPois   .          Reflect  .   (helmet restricted)
rElec   .          Harm     .   h - +0 cloak
rCorr   .          Rampage  .   (no gloves)
Will    .....                   (boots unavailable)
Stlth   +.........              (no amulet)
HPRegen 0.07/turn               (no ring)
MPRegen 0.09/turn               (no ring)

@: no status effects
A: beak, talons 3
a: no special abilities


You were on level 3 of the Dungeon.
You visited 1 branch of the dungeon, and saw 3 of its levels.

You collected 79 gold pieces.

Inventory:

Hand Weapons
 a - a +0 trident (weapon)
Armour
 d - a +0 robe (worn)
 h - a +0 cloak (worn)
Magical Staves
 f - a staff of poison
Scrolls
 e - a scroll of fear
 g - 2 scrolls of teleportation {unknown}
 j - a scroll of fog {unknown}
 l - a scroll of vulnerability {unknown}
 n - a scroll of identify {unknown}
Potions
 b - a potion of heal wounds
 i - a potion of invisibility {unknown}
 k - 2 potions of haste {unknown}
 m - a potion of magic {unknown}
 o - a potion of mutation {unknown}
 p - a potion of flight {unknown}
Miscellaneous
 c - a piece from Xom's chessboard (15/15)


   Skills:
 + Level 2.8 Fighting
 * Level 0.7 Polearms
 - Level 1.1 Armour
 - Level 1.1 Dodging
 - Level 3.2 Unarmed Combat
 - Level 1.0 Spellcasting
 - Level 3.6 Summonings
 - Level 1.0 Evocations


You had 3 spell levels left.
You knew the following spells:

 Your Spells              Type           Power      Damage    Failure   Level
a - Summon Small Mammal   Summ           52%        N/A       4%          1

Your spell library contained the following spells:

 Spells                   Type           Power      Damage    Failure   Level
 Summon Guardian Golem    Hex/Summ       7%         N/A       30%         3


Dungeon Overview and Level Annotations

Branches:
Dungeon (3/15)

Altars:

Shops:
D:2 (


Innate Abilities, Weirdness & Mutations

You have a beak for a mouth.
You have claws for feet.


Message History

The gnoll is lightly wounded.
Your bat hits the gnoll but does no damage. x2
The gnoll closely misses you.
You could not reach far enough!
Your bat closely misses the gnoll.
Your bat barely misses the gnoll.
The gnoll closely misses you.
You could not reach far enough!
Your bat hits the gnoll. x2
The gnoll barely misses you.
You reach to attack!
You puncture the gnoll!
The gnoll is severely wounded.
Your bat completely misses the gnoll.
The gnoll barely misses you.
Your bat hits the gnoll but does no damage.
The gnoll hits you from afar with a +0 halberd.
You take 3 damage, and have 17/22 hp.
You could not reach far enough!
Your bat barely misses the gnoll.
Your bat closely misses the gnoll.
The gnoll closely misses you.
Your bat barely misses the gnoll.
You reach to attack!
You hit the gnoll.
The gnoll is almost dead.
Your bat misses the gnoll.
Your bat hits the gnoll but does no damage.
The gnoll misses you.
You could not reach far enough!
Your bat hits the gnoll but does no damage. x2
The gnoll misses your bat.
You reach to attack!
You hit the gnoll but do no damage.
The gnoll is almost dead.
Your bat hits the gnoll but does no damage.
The gnoll hits your bat with a +0 halberd!
Your bat dies!
Your bat's corpse disappears in a puff of smoke!
The gnoll barely misses you.
You reach to attack!
You closely miss the gnoll.
The gnoll is almost dead.
The gnoll hits you from afar with a +0 halberd.
You take 6 damage, and have 12/22 hp.
MASSIVE DAMAGE!!
You reach to attack!
You barely miss the gnoll.
The gnoll is almost dead.
The gnoll hits you from afar with a +0 halberd!
Ouch! That really hurt!
You die...

#.# #.# #####.### .
#.......#####.. .)
#......<....... ...
#.......#####......
#.......# .....
#####.#######......
#.@§gggg.......
############...


You could see 4 gnolls.

Vanquished Creatures
  A dart slug (D:1)
  3 ball pythons
  4 endoplasms
  3 giant cockroaches
  3 goblins (D:2)
  A hobgoblin (D:1)
  5 kobolds
  A quokka (D:2)
  A bat (D:1)
  A frilled lizard (D:1)
  4 rats
  14 toadstools (D:1)
41 creatures vanquished.

Vanquished Creatures (collateral kills)
  2 endoplasms (D:1)
  A kobold (D:1)
  A ball python (D:1)
  A rat (D:1)
5 creatures vanquished.

Grand Total: 46 creatures vanquished

Notes
Turn   | Place    | Note
-------+----------+-------------------------------------------
     0 | D:1      | gimp the Tengu Wanderer began the quest for the Orb.
     0 | D:1      | gimp set off with the following items: a +0 club, a potion
                  | of heal wounds, a piece from Xom's chessboard (15/15), a +0
                  | robe, a scroll of fear; and the following spell memorised:
                  | Summon Small Mammal; and the following spells available to
                  | memorise: Summon Guardian Golem
     0 | D:1      | Reached XP level 1. HP: 10/10 MP: 3/3
   294 | D:1      | Reached skill level 1 in Fighting
   446 | D:1      | Reached XP level 2. HP: 11/16 MP: 2/4
   983 | D:2      | Reached XP level 3. HP: 9/22 MP: 3/5
  1537 | D:2      | Found a faded altar of an unknown god.
  1779 | D:2      | Found Jotoimez's Antique Weapon Emporium.
  2189 | D:3      | Slain by a gnoll

Illustrated notes

Levels and vault maps discovered:
D:1:      nagdon_arrival_zigzag_paths, layout_basic, roderic_serpentine_path,
          minmay_door_square
D:2:      minmay_general_purpose_star, layout_loops_ring,
          dreamdust_ecumenical_altar_angels_and_demons, serial_shops, shop
D:3:      layout_basic, mainiacjoe_overflow_alcove_1,
          mainiacjoe_overflow_six_doors_small, amcnicky_altar_gilded,
          gup_sewer_entry_bubbles

Skill      XL: |  1  2 |
---------------+-------+-----
Fighting       | 1 2 |  2.8
Polearms       | |  0.7
Armour         | |  1.1
Dodging        | |  1.1
Unarmed Combat | |  3.2
Spellcasting   | |  1.0
Summonings     | |  3.6
Evocations     | |  1.0

Action                   || total
-------------------------++-------
Melee: Club              ||    19
       Whip              ||    52
       Peck              ||    14
       Kick              ||    16
       Trident           ||    21
 Cast: Summon Small Mamm ||    22
Armor: Robe              ||     9
Dodge: Dodged            ||    58

Table legend: (Time is in decaauts)
 A = Elapsed time spent in this place.
 B = Non-inter-level travel time spent in this place.
 C = Inter-level travel time spent in this place.
 D = Time resting spent in this place.
 E = Time spent auto-exploring this place.
 F = Levels seen in this place.
 G = Mean time per level.
                   A        B        C        D        E       F      G
               +--------+--------+--------+--------+--------+-----+--------+
         Total |   2205 |   2161 |     44 |    185 |   1550 |   3 |  735.0 |
       Dungeon |   2205 |   2161 |     44 |    185 |   1550 |   3 |  735.0 |
               +--------+--------+--------+--------+--------+-----+--------+

Top non-repeatable levels by time:
     D:2: 1177 daAuts
     D:1: 985 daAuts
     D:3: 43 daAuts
